 Dungeon Crawl Stone Soup version 0.30-a0-567-gf7fd966b4a (webtiles) character file.

Game seed: 17314098483462195872

7343 kae the Transmogrifier (level 10, -7/78 HPs)
             Began as a Demonspawn Transmuter on Dec 28, 2022.
             Was an Initiate of Ru.
             Mangled by an orc warrior
             ... wielding a +0 morningstar
              (13 damage)
             ... on level 10 of the Dungeon.
             The game lasted 00:10:12 (9497 turns).

kae the Transmogrifier (Demonspawn Transmuter)      Turns: 9497, Time: 00:10:12

Health: -7/78      AC: 10    Str: 13    XL:     10   Next: 91%
Magic:  18/20      EV: 10    Int: 23    God:    Ru [......]
Gold:   555        SH:  0    Dex: 13    Spells: 13/23 levels left

rFire   x . .      SeeInvis .      - Unarmed
rCold   + + +      Faith    .    (shield currently unavailable)
rNeg    . . .      Spirit   .    (body armour currently unavailable)
rPois   +          Reflect  .    (helmet currently unavailable)
rElec   .          Harm     .    (cloak currently unavailable)
rCorr   .          Rampage  .    (gloves currently unavailable)
Will    .....                    (boots currently unavailable)
Stlth   +                        g - amulet of regeneration
HPRegen 1.13/turn                I - +6 ring of intelligence
MPRegen 0.17/turn                Z - ring of wizardry

@: ice-form, wereblooded, hasted, very quick
A: freezing attack, amphibious, boosted hp, large, (horns 1), (yellow scales 1),
powered by death 1, demonic magic 1
a: End Transformation, Renounce Religion, Sacrifice Love, Sacrifice a Hand,
Sacrifice Purity, Reject Sacrifices


You were on level 10 of the Dungeon.
You worshipped Ru.
Ru was noncommittal.
You were a creature of crystalline ice.
You visited 2 branches of the dungeon, and saw 11 of its levels.

You collected 555 gold pieces.


Innate Abilities, Weirdness & Mutations

You are a creature of crystalline ice.
You have a powerful freezing melee attack.
You are amphibious.
Your maximum health is increased.
Your armour is entirely melded.
You are incapable of wielding weapons or throwing items.
((You have a pair of small horns on your head.))
((You are partially covered in yellow scales. (AC +2)))
You regenerate a little health from kills.
Spells you cast may paralyse adjacent enemies.


   Skills:
 - Level 1.0 Fighting
 - Level 1.7 Dodging
 + Level 7.5 Unarmed Combat
 + Level 7.2 Spellcasting
 * Level 10.2 Transmutations
 - Level 4.4 Ice Magic
 * Level 7.6 Poison Magic


You had 13 spell levels left.
You knew the following spells:

 Your Spells              Type           Power      Damage    Failure   Level
a - Beastly Appendage     Tmut           100%       N/A       1%          1
b - Wereblood             Tmut           53%        N/A       1%          2
c - Spider Form           Tmut/Pois      49%        N/A       1%          3
d - Ice Form              Ice/Tmut       42%        N/A       1%          4

Your spell library contained the following spells:

 Spells                   Type           Power      Damage    Failure   Level
 Kiss of Death            Conj/Necr      32%        2d7       3%          1
 Static Discharge         Conj/Air       16%        2-3/arc   4%          2
 Confusing Touch          Hex            8%         N/A       9%          3
 Vhi's Electric Charge    Tloc/Air       16%        N/A       9%          3
 Dispel Undead            Necr           8%         3d8       28%         4
 Manifold Assault         Tloc           8%         N/A       28%         4
 Arcjolt                  Conj/Air       4%         1d14      61%         5
 Lightning Bolt           Conj/Air       4%         1d15      61%         5
 Dispersal                Tloc           4%         N/A       98%         6
 Disjunction              Tloc           4%         N/A       100%        8
 Maxwell's Capacitive Co  Air            4%         ∞         100%        8

Inventory:

Hand Weapons
 h - a +1 hand axe of protection
   (You found it on level 1 of the Dungeon)
Missiles
 c - 72 stones
 e - 14 boomerangs
 f - 9 javelins
 i - a throwing net {=f!f}
 t - 33 poisoned darts
 v - a curare-tipped dart {=f}
Armour
 a - a +1 robe (melded)
 y - a scarf of invisibility (melded)
   (You found it on level 8 of the Dungeon)
Jewellery
 g - an amulet of regeneration (around neck)
   (You found it on level 9 of the Dungeon)
 G - an amulet of guardian spirit
   (You found it on level 4 of the Dungeon)
 I - a +6 ring of intelligence (left front paw)
   (You found it on level 3 of the Dungeon)
 Z - a ring of wizardry (right front paw)
   (You found it on level 2 of the Dungeon)
Wands
 q - a wand of mindburst (11)
   (You found it on level 3 of the Dungeon)
 u - a wand of paralysis (14)
   (You found it on level 5 of the Dungeon)
 B - a wand of flame (4)
   (You found it on level 9 of the Dungeon)
Scrolls
 d - a scroll of enchant armour
 j - 2 scrolls of fog
 m - 4 scrolls of amnesia
 n - 5 scrolls of teleportation {@r4}
 r - 3 scrolls of torment {!r}
 C - a scroll of brand weapon
 E - a scroll of magic mapping {!r}
Potions
 b - 2 potions of lignification {!q}
 k - 2 potions of resistance {unknown}
 l - 4 potions of might {unknown}
 o - a potion of attraction {!q}
 p - 2 potions of ambrosia {unknown}
 s - a potion of brilliance
 w - 4 potions of degeneration {!q}
 x - a potion of haste {@q3}
 z - a potion of cancellation
 A - a potion of berserk rage {unknown}
 F - 6 potions of curing {@q1}

Dungeon Overview and Level Annotations

Branches:
Dungeon (10/15) Zot: 26945  Temple (1/1) D:5 Zot: 5873     Orc (0/2) D:9
   Lair: D:8-11

Altars:
Ashenzari
Cheibriados
Dithmenos
Fedhas
Gozag
Hepliaklqana
Kikubaaqudgha
Makhleb
Nemelex Xobeh
Okawaru
Qazlal
Ru
Sif Muna
Trog
Uskayaw
Vehumet
Wu Jian
Xom
Yredelemnul

Shops:
D:4 [   D:9 *

Annotations:
D:8 1 runed translucent door, Dirtsage's ghost, novice OpTm

.. ..$##########
...........# ##### .
##.......# ##...##
...#...)#######.....##
........### #.......#
...#..o...####.......#
......o.o...##Yo.....#
...>.###..#oYoYY....##
(.... #...##o.o....##
.... #....o......>..#
.... #...........)...#
.o# #...............#
#............<.##
##............##
##....#...#### ####


You could see 3 yaks, an orc warrior, an orc priest, 2 orc wizards and 3 orcs.


Message History

The orc is wielding a +0 club and quivering silver boomerangs.
There are monsters nearby!
There are monsters nearby!
There are monsters nearby!
Casting: Ice Form (dangerous; 1% risk of failure)
Confirm with . or Enter, or press ? or * to list all spells.
You turn into a creature of crystalline ice.
Your scarf of invisibility melds into your body.
Your +1 robe melds into your body.
Malevolent energies surge around you.
The orc shouts!
An orc comes into view. It is wielding a +0 club.
An orc warrior comes into view. It is wielding a +0 morningstar.
A yak comes into view. 😎 HP[+13] MP[-4]
You now have 78 max hp (+13).
Your hp is fully restored (78).
You lost 4 mp, and now have 16/20 mp.
An orc priest comes into view. It is wielding a +0 club.
The orc shouts!
The orc priest shouts!
A yak comes into view.
An orc comes into view. It is wielding a +0 club.
The orc priest moves out of view.
The orc shouts!
The yak bellows!
You hear a shout! x3
An orc comes into view. It is wielding a +0 short sword.
The orc moves out of view.
The orc misses you. 😎 MP[+1]
The yak attacks as you move away! The yak closely misses you.
You punch the orc! You freeze the orc.
You kill the orc!
The yak gores you. The orc priest barely misses you.
You see here a +0 club. 😕 HP[-1]
You take 1 damage, and now have 77/78 hp.
An orc wizard comes into view. It is wielding a +0 dagger.
The yak barely misses you. 😎 HP[+1]
Your hp is fully restored (78).
The yak attacks as you move away! The yak barely misses you.
The orc priest looks encouraged for a moment.
The orc attacks as you move away!
The orc hits you with a +0 club. 😎 MP[+1]
The yak attacks as you move away! The yak gores you. 😕 HP[-2]
You take 2 damage, and now have 76/78 hp. 😕 HP[+1]
Casting: Ice Form (dangerous; 1% risk of failure)
Confirm with . or Enter, or press ? or * to list all spells.
Your blood is infused with primal strength.
Malevolent energies surge around you.
The yak suddenly stops moving! 😎 HP[+1] MP[-1]
Your hp is fully restored (78).
You lost 1 mp, and now have 17/20 mp.
The helpless yak fails to defend itself.
You hit the yak but do no damage.
The yak is no longer paralysed.
The yak gores you.
You hit the yak. You freeze the yak. 😕 HP[-3]
You take 3 damage, and now have 75/78 hp.
You hit the yak but do no damage. The yak gores you! The yak gores you.
You hit the yak but do no damage. The yak gores you!
The yak gores you but does no damage. 😮 HP[-18]
You take 18 damage, and now have 57/78 hp.
MASSIVE DAMAGE!! (PAUSE)
You punch the yak! You freeze the yak. The yak closely misses you.
An orc wizard comes into view. It is wielding a +2 dagger of venom.
The yak gores you.
The orc hits you but does no damage. 😮 HP[-4]
You take 4 damage, and now have 53/78 hp.
You barely miss the orc.
The orc wizard shouts!
The yak gores you.
An orc wizard comes into view. It is wielding a +3 dagger of venom.
The yak gores you!
The orc priest invokes the aid of Beogh against you.
Beogh smites you!
* * * LOW HITPOINT WARNING * * *
😨 HP[-24]
You take 24 damage, and now have 29/78 hp.
MASSIVE DAMAGE!! (PAUSE)
Okay, then.
The yak attacks as you move away!
The yak barely misses you. 😨 HP[+1] MP[+1]
You barely miss the orc warrior. The yak barely misses you. 😨 HP[+1]
The yak attacks as you move away! The yak gores you!
* * * LOW HITPOINT WARNING * * *
The yak gores you but does no damage.
The orc priest begins to cast a cantrip, but forgets the words!
The orc hits you but does no damage.
The orc warrior hits you with a +0 morningstar!
* * * LOW HITPOINT WARNING * * *
😱 HP[-18]
You take 18 damage, and now have 13/78 hp.
MASSIVE DAMAGE!! (PAUSE)
Okay, then.
You feel yourself speed up. The yak gores you!
* * * LOW HITPOINT WARNING * * *
The yak gores you but does no damage.
The orc warrior hits you with a +0 morningstar!
You die...

Skill      XL: |  1  2  3  4  5  6  7  8  9 10 |
---------------+-------------------------------+-----
Transmutations | 2 3 4 5 6 9 10 | 10.2
Unarmed Combat | 3 4 5 7 |  7.5
Poison Magic   | 1 2 4 6 7 |  7.6
Spellcasting   | 3 4 6 7 |  7.2
Ice Magic      | 4 |  4.4
Fighting       | |  1.0
Dodging        | |  1.7

Action                   |  1- 3 |  4- 6 |  7- 9 | 10-12 || total
-------------------------+-------+-------+-------+-------++-------
Melee: Unarmed           |    17 |   100 |   153 |   145 ||   415
       Hand axe          |    87 |    42 |    10 |       ||   139
       Kick              |    25 |     4 |       |       ||    29
       Headbutt          |    14 |     6 |       |       ||    20
       Punch             |     2 |     1 |     1 |       ||     4
 Cast: Beastly Appendage |    25 |     8 |     1 |     1 ||    35
       Spider Form       |       |    11 |     9 |       ||    20
       Wereblood         |       |     7 |     5 |     6 ||    18
       Ice Form          |       |     1 |    16 |    14 ||    31
 Abil: End Transformatio |       |     1 |       |       ||     1
  Use: Scroll            |     5 |     5 |     7 |     3 ||    20
       Potion            |       |     1 |     3 |     2 ||     6
 Stab: Paralysed         |       |       |     1 |     2 ||     3
Armor: Robe              |    25 |    22 |     2 |       ||    49
       Skin              |       |     7 |    66 |    56 ||   129
Dodge: Dodged            |    74 |   116 |   100 |    69 ||   359

Levels and vault maps discovered:
D:1:      dpeg_arrival_lava_temple_mockup, layout_rooms, kennysheep_nondescript,
          nicolae_concentric_dashed_squares_mild, minmay_misc_feat_five,
          dk_noncrumbling_4
D:2:      layout_basic
D:3:      layout_rooms
D:4:      layout_rooms, serial_shops, nicolae_shop_advertising_works
          [nicolae_subvault_shop_adworks], uniq_pikel
D:5:      layout_rooms, nicolae_ru_sacrificial_ziggurat,
          minmay_temple_entry_sparse_star, nicolae_ossuary_entry_plus,
          chequers_serial_rivers_micro_b, hangedman_abyss_or_decor_stagger,
          minmay_splitting_lines, hex_medium
D:6:      layout_cave_pools, lemuel_blue_sif_altar, grunt_temple_overflow_open,
          uniq_eustachio
D:7:      layout_layer_cave
D:8:      layout_loops_corners, grunt_ashenzari_visionary
          [grunt_ashenzari_visionary_swamp, grunt_ashenzari_visionary_snake],
          ebering_ghost_funeral_grove, minmay_misc_feat_square
D:9:      layout_basic, orc_0_dummy, guppyfry_shop_venom, uniq_maggie
D:10:     layout_rooms, nicolae_shop_firing_range
Temple:   kb_temple_of_zot

Notes
Turn   | Place    | Note
-------+----------+-------------------------------------------
     0 | D:1      | kae the Demonspawn Transmuter began the quest for the Orb.
     0 | D:1      | Reached XP level 1. HP: 15/15 MP: 3/3
     0 | D:1      | magus.rc [v1.11.3]
   188 | D:1      | Reached skill level 2 in Transmutations
   320 | D:1      | Gained mutation: You have a pair of small horns on your
                  | head. [demonic ancestry]
   320 | D:1      | Reached XP level 2. HP: 12/21 MP: 5/5
   662 | D:1      | Reached skill level 3 in Unarmed Combat
   727 | D:1      | Gained mutation: You are partially covered in yellow
                  | scales. (AC +2) [demonic ancestry]
   727 | D:1      | Reached XP level 3. HP: 22/26 MP: 4/6
   730 | D:1      | Learned a level 2 spell: Wereblood
   734 | D:1      | Learned a level 3 spell: Spider Form
  1449 | D:3      | Reached skill level 1 in Poison Magic
  1571 | D:3      | Gained mutation: You regenerate a little health from kills.
                  | [demonic ancestry]
  1571 | D:3      | Reached XP level 4. HP: 26/32 MP: 5/7
  1643 | D:3      | Reached skill level 3 in Transmutations
  1889 | D:3      | You pick up a book of Touch and begin reading...
  1889 | D:3      | You add the spells Kiss of Death, Confusing Touch and
                  | Dispel Undead to your library.
  2216 | D:4      | Reached XP level 5. HP: 22/37 MP: 4/9
  2226 | D:4      | Reached skill level 2 in Poison Magic
  2384 | D:4      | Found Qoacomur's Antique Armour Shop.
  2454 | D:4      | Noticed an orc warrior
  2459 | D:4      | Noticed Pikel
  2459 | D:4      | Noticed a lemure
  2459 | D:4      | Noticed a lemure
  2459 | D:4      | Noticed a lemure
  2459 | D:4      | Noticed a lemure
  2762 | D:3      | HP: 5/37 [orc warrior/+0 trident (11)]
  2763 | D:3      | Killed an orc warrior
  2764 | D:3      | Reached skill level 3 in Spellcasting
  2764 | D:3      | Reached XP level 6. HP: 12/43 MP: 1/10
  2926 | D:3      | Learned a level 4 spell: Ice Form
  2949 | D:4      | Killed Pikel
  2950 | D:4      | Reached skill level 4 in Unarmed Combat
  2950 | D:4      | Reached skill level 4 in Transmutations
  2950 | D:4      | Reached skill level 4 in Poison Magic
  2950 | D:4      | Reached XP level 7. HP: 26/48 MP: 2/12
  3222 | D:4      | Reached skill level 5 in Transmutations
  3381 | D:5      | Entered Level 5 of the Dungeon
  3393 | D:5      | Found a staircase to the Ecumenical Temple.
  3413 | Temple   | Entered the Ecumenical Temple
  3937 | D:5      | You pick up a book of the Warp and begin reading...
  3937 | D:5      | You add the spells Manifold Assault, Dispersal and
                  | Disjunction to your library.
  4020 | D:5      | Found a sacrificial altar of Ru.
  4094 | D:5      | Reached skill level 4 in Spellcasting
  4094 | D:5      | Gained mutation: Spells you cast may paralyse adjacent
                  | enemies. [demonic ancestry]
  4094 | D:5      | Reached XP level 8. HP: 51/53 MP: 4/14
  4600 | D:6      | Found a shimmering altar of Xom.
  4600 | D:6      | Found a sparkling altar of Nemelex Xobeh.
  4612 | D:6      | Identified the +9 rapier of Caicsiv {heavy, *Noise Will+++
                  | rCorr Stlth-}
  4649 | D:6      | Reached skill level 5 in Poison Magic
  4766 | D:6      | HP: 11/60 [wight/+5 dagger (9)]
  4767 | D:6      | HP: 2/57 [wight/+5 dagger (4)]
  4982 | D:6      | Noticed Eustachio
  4990 | D:6      | Killed Eustachio
  4991 | D:6      | Reached skill level 6 in Transmutations
  5179 | D:6      | Reached skill level 5 in Unarmed Combat
  5179 | D:6      | Reached skill level 6 in Poison Magic
  5455 | D:6      | Found a shimmering blue altar of Sif Muna.
  5585 | D:7      | Reached XP level 9. HP: 59/59 MP: 10/16
  5627 | D:5      | Became a worshipper of Ru the Awakened
  6096 | D:7      | You add the spells Vhi's Electric Charge, Arcjolt and
                  | Maxwell's Capacitive Coupling to your library.
  7104 | D:8      | Identified a potion of experience
  7106 | D:8      | Reached skill level 7 in Unarmed Combat
  7106 | D:8      | Reached skill level 6 in Spellcasting
  7106 | D:8      | Reached skill level 9 in Transmutations
  7106 | D:8      | Reached skill level 4 in Ice Magic
  7106 | D:8      | Reached XP level 10. HP: 65/65 MP: 16/20
  7320 | D:8      | Found the +6 shillelagh "Devastator" {shatter}
  7354 | D:8      | HP: 13/78 [orc priest/divine providence (8)]
  7819 | D:8      | Found a runed translucent door.
  7822 | D:8      | Noticed Dirtsage's ghost (novice OpTm)
  7825 | D:8      | Identified the +9 trident of Floral Blind Justice {freeze,
                  | rF+ Int+2}
  7879 | D:8      | Reached skill level 7 in Spellcasting
  8103 | D:8      | Found a broken altar of Ashenzari.
  8370 | D:9      | Reached skill level 7 in Poison Magic
  8427 | D:9      | You pick up a book of Lightning and begin reading...
  8427 | D:9      | You add the spells Static Discharge and Lightning Bolt to
                  | your library.
  8448 | D:9      | Found Esiemodwi's Serpentskin Sales.
  8603 | D:9      | Found a staircase to the Orcish Mines.
  8699 | D:9      | Reached skill level 10 in Transmutations
  8714 | D:9      | Noticed Maggie
  8732 | D:9      | Killed Maggie
  8735 | D:9      | Paralysed by a hornet for 3 turns
  8742 | D:9      | HP: 16/78 [hornet (9)]
  8955 | D:9      | Identified the +4 short sword "Hanat" {drain, Fragile Fly
                  | Will+++ MP+9}
  9442 | D:10     | Entered Level 10 of the Dungeon
  9496 | D:10     | HP: 13/78 [orc warrior/+0 morningstar (11)]
  9497 | D:10     | HP: 6/78 [yak (8)]
  9497 | D:10     | Mangled by an orc warrior

Vanquished Creatures
  Pikel (D:4)
  Maggie (D:9)
  A troll (D:9)
  2 hornets
  5 yaks (D:9)
  Eustachio (D:6)
  2 steam dragons
  3 water moccasins
  An ice beast (D:6)
  3 orc warriors
  A sky beast (D:8)
  2 black bears
  A lemure (D:3)
  5 centaurs
  A phantom (D:6)
  3 kobold brigands (D:9)
  A bullfrog (D:6)
  2 necrophages
  A scorpion (D:7)
  4 wights (D:6)
  2 hounds
  4 orc priests
  A jelly (D:6)
  4 iguanas
  3 orc wizards
  6 adders
  3 gnolls (D:4)
  A shadow imp (D:7)
  A white imp (D:6)
  An ufetubus (D:4)
  6 dart slugs
  31 orcs
  11 ball pythons
  5 bats
  9 endoplasms
  A giant cockroach (D:4)
  3 goblins
  7 hobgoblins
  8 jackals
  3 quokkas
  3 frilled lizards
  25 kobolds
  5 rats
184 creatures vanquished.

Vanquished Creatures (others)
  A fungus (D:8)
  4 plants (D:8)
5 creatures vanquished.

Grand Total: 189 creatures vanquished

Table legend:
 A = Non-vault XP
 B = Vault XP
 C = Vault XP percentage of total XP
 D = Non-vault monster count
 E = Vault monster count
 F = Vault count percentage of total count
                 A         B        C        D         E       F
            +---------+---------+-------+---------+---------+-------
      Total |    5992 |    1334 |  18.2 |     177 |       6 |   3.3
            +---------+---------+-------+---------+---------+-------
        D:1 |      41 |       0 |   0.0 |      20 |       0 |   0.0
        D:2 |      39 |       0 |   0.0 |      13 |       0 |   0.0
        D:3 |     210 |       0 |   0.0 |      35 |       0 |   0.0
        D:4 |     261 |     617 |  70.3 |      22 |       1 |   4.3
        D:5 |     364 |       0 |   0.0 |      14 |       0 |   0.0
        D:6 |    1010 |     188 |  15.7 |      14 |       1 |   6.7
        D:7 |     506 |       0 |   0.0 |       6 |       0 |   0.0
        D:8 |    1254 |       0 |   0.0 |      19 |       0 |   0.0
        D:9 |    2304 |     529 |  18.7 |      33 |       4 |  10.8
       D:10 |       3 |       0 |   0.0 |       1 |       0 |   0.0
            +---------+---------+-------+---------+---------+-------

Illustrated notes

Table legend:
 A = Kills in this place as a percentage of kills in entire the game.
 B = Kills by you in this place as a percentage of kills by you in the entire game.
 C = Kills by friends in this place as a percentage of kills by friends in the entire game.
 D = Other kills in this place as a percentage of other kills in the entire game.
 E = Experience gained in this place as a percentage of experience gained in the entire game.
 F = Experience gained in this place divided by the number of levels of this place that you have seen.
                   A       B       C       D       E      F
               +-------+-------+-------+-------+-------+----------------------
         Total | 100.0 | 100.0 |   N/A |   N/A | 100.0 | 666.0
       Dungeon | 100.0 | 100.0 |   N/A |   N/A | 100.0 | 732.6
               +-------+-------+-------+-------+-------+----------------------

Table legend: (Time is in decaauts)
 A = Elapsed time spent in this place.
 B = Non-inter-level travel time spent in this place.
 C = Inter-level travel time spent in this place.
 D = Time resting spent in this place.
 E = Time spent auto-exploring this place.
 F = Levels seen in this place.
 G = Mean time per level.
                   A        B        C        D        E       F      G
               +--------+--------+--------+--------+--------+-----+--------+
         Total |   9504 |   9147 |    357 |    700 |   6988 |  11 |  864.0 |
       Dungeon |   9378 |   9043 |    335 |    700 |   6895 |  10 |  937.8 |
        Temple |    126 |    105 |     21 |      0 |     93 |   1 |  126.0 |
               +--------+--------+--------+--------+--------+-----+--------+

Top non-repeatable levels by time:
     D:7: 1452 daAuts
     D:8: 1220 daAuts
     D:5: 1121 daAuts
     D:9: 1103 daAuts
     D:3: 1103 daAuts
     D:6: 1010 daAuts
     D:1: 834 daAuts
     D:4: 790 daAuts
     D:2: 687 daAuts
  Temple: 126 daAuts
    D:10: 53 daAuts
